 Dungeon Crawl Stone Soup version 0.21.1-1-g345015f (webtiles) character file.

7 Monsterracer the Firebug (level 1, 0/10 HPs)
             Began as a Deep Elf Fire Elementalist on June 5, 2018.
             Slain by a frilled lizard (2 damage)
             ... on level 1 of the Dungeon.
             The game lasted 00:00:42 (160 turns).

Monsterracer the Firebug (DEFE)                      Turns: 160, Time: 00:00:43

Health: 0/10       AC:  2    Str:  5    XL:     1   Next: 91%
Magic:  1/6        EV: 13    Int: 19    God:
Gold:   10         SH:  0    Dex: 15    Spells: 5/6 levels left

rFire    . . .     SeeInvis .   f - +0 mace
rCold    . . .     Gourm    .   (no shield)
rNeg     . . .     Faith    .   a - +0 robe
rPois    .         Spirit   .   (no helmet)
rElec    .         Reflect  .   (no cloak)
rCorr    .         Harm     .   (no gloves)
MR       .....                  (no boots)
Stlth    ++........             (no amulet)
HPRegen  0.03/turn              (no ring)
MPRegen  0.10/turn              (no ring)

@: no status effects
A: no striking features
a: no special abilities


You were on level 1 of the Dungeon.
You were not hungry.

You visited 1 branch of the dungeon, and saw 1 of its levels.

You collected 10 gold pieces.

Inventory:

Hand Weapons
 f - a +0 mace (weapon)
Armour
 a - a +0 robe (worn)
Scrolls
 d - a scroll of identify {unknown}
 e - a scroll of enchant armour {unknown}
 g - a scroll of noise {unknown}
Books
 b - a book of Flames

   Spells                             Type                      Level
   a - Flame Tongue                   Conjuration/Fire             1
   b - Throw Flame                    Conjuration/Fire             2
   c - Conjure Flame                  Conjuration/Fire             3
   d - Inner Flame                    Hexes/Fire                   3
   e - Sticky Flame                   Conjuration/Fire             4
   f - Fireball                       Conjuration/Fire             5
Comestibles
 c - a ration


   Skills:
 - Level 2.4 Dodging
 - Level 2.4 Stealth
 + Level 3.1 Spellcasting
 * Level 1.6 Conjurations
 * Level 3.5 Fire Magic


You had 5 spell levels left.
You knew the following spells:

 Your Spells              Type           Power        Failure   Level  Hunger
a - Flame Tongue          Conj/Fire      ##...        5%          1    None


Dungeon Overview and Level Annotations

Branches:
Dungeon (1/15)

Altars:


Message History

The flame tongue hits the jackal.
The jackal is heavily wounded.
The jackal misses you.
You now have 3/6 mp.
Casting: Flame Tongue
Confirm with . or Enter, or press ? or * to list all spells.
Aiming: Flame Tongue
Press: ? - help, Shift-Dir - straight line, f/p - jackal
Aim: a jackal (heavily wounded)
The flame tongue hits the jackal.
The jackal is severely wounded.
The jackal barely misses you. The jackal closely misses you.
You now have 2/6 mp.
Casting: Flame Tongue
Confirm with . or Enter, or press ? or * to list all spells.
Aiming: Flame Tongue
Press: ? - help, Shift-Dir - straight line, f/p - jackal
Aim: a jackal (heavily wounded)
The flame tongue hits the jackal.
The jackal is almost dead.
The jackal bites you but does no damage.
You now have 1/6 mp.
Casting: Flame Tongue
Confirm with . or Enter, or press ? or * to list all spells.
Aiming: Flame Tongue
Press: ? - help, Shift-Dir - straight line, f/p - jackal
Aim: a jackal (almost dead)
The flame tongue hits the jackal.
You kill the jackal!
You now have 0/6 mp.
A goblin comes into view. It is wielding a club.
You see here a jackal corpse.
Found a scroll labeled FOGGOL GIZE.
The goblin closely misses you. The goblin hits you with a club.
You take 3 damage, and have 6/10 hp.
MASSIVE DAMAGE!!
A kobold comes into view. It is wielding a short sword.
Casting: Flame Tongue
Confirm with . or Enter, or press ? or * to list all spells.
Aiming: Flame Tongue
Press: ? - help, Shift-Dir - straight line, f - goblin
Aim: a goblin, wielding a club The flame tongue hits the goblin.
You kill the goblin!
You now have 0/6 mp.
You see here a mace.
f - a mace The kobold shouts!
A frilled lizard comes into view.
Found a scroll labeled KICUIKL DUQEM.
A leopard gecko comes into view.
Wield which item (- for none, * to show all)? (? for menu, Esc to quit)
f - a +0 mace (weapon)
The leopard gecko hisses angrily.
You hear an angry hiss.
Casting: Flame Tongue
Confirm with . or Enter, or press ? or * to list all spells.
You can't see any susceptible monsters within range! (Use Z to cast anyway.) Unknown command.
Casting: Flame Tongue
Confirm with . or Enter, or press ? or * to list all spells.
Aiming: Flame Tongue
Press: ? - help, Shift-Dir - straight line, f - leopard gecko
Aim: a leopard gecko (clinging)
You miscast Flame Tongue.
You are very lightly contaminated with residual magic.
Nothing appears to happen.
You now have 0/6 mp.
The leopard gecko bites you.
* * * LOW HITPOINT WARNING * * *
You take 3 damage, and have 4/10 hp.
MASSIVE DAMAGE!!
A bat comes into view.
A frilled lizard comes into view.
The bat barely misses you.
Found a stone staircase leading down.
The bat barely misses you. The bat hits you but does no damage.
The frilled lizard hisses angrily.
There is a stone staircase leading down here.
The bat hits you but does no damage. The bat hits you.
* * * LOW HITPOINT WARNING * * *
The bat closely misses you.
You take 1 damage, and have 3/10 hp.
The bat hits you.
* * * LOW HITPOINT WARNING * * *
You take 1 damage, and have 2/10 hp.
Casting: Flame Tongue
Confirm with . or Enter, or press ? or * to list all spells.
Aiming: Flame Tongue
Press: ? - help, Shift-Dir - straight line, f - bat, p - leopard gecko
Aim: a bat The flame tongue hits the bat.
You kill the bat!
You now have 0/6 mp.
The frilled lizard closely misses you.
Your magical contamination has completely faded away.
You see here a scroll labeled FOGGOL GIZE.
g - a scroll labeled FOGGOL GIZE The frilled lizard bites you.
You die...

##.#.......).....# #.#
.....############## #.######
###.#....... .# #.#....####
......####### .###..........
#≈#P..# #.. ..####.##.####
#≈##P.#####.### ..# #.#
≈≈≈≈.....l.ll.# #..# #.#
#≈##P..####.#.###..# #.#
#≈#P...K.Kl.#.#l@..# #.#
.......######.l...## #.#
.##.#>.######.#.#.# #.#
...l..............# #†#####.#
....#########.#.#.#####.......#
.....l...####......†.....######
...##K..........).....##.# #..
#.##.######.#####.# .#
......##.# #.# #.# .#


You could see a leopard gecko and a frilled lizard.

Vanquished Creatures
  3 jackals (D:1)
  A bat (D:1)
  2 goblins (D:1)
  A kobold (D:1)
7 creatures vanquished.

Notes
Turn   | Place    | Note
-------+----------+-------------------------------------------
     0 | D:1      | Monsterracer the Deep Elf Fire Elementalist began the quest for the Orb.
     0 | D:1      | Reached XP level 1. HP: 10/10 MP: 6/6
   140 | D:1      | HP: 4/10 [leopard gecko (3)]
   148 | D:1      | HP: 3/10 [bat (1)]
   160 | D:1      | Slain by a frilled lizard

Action                   || total
-------------------------++-------
 Cast: Flame Tongue      ||    15
Armor: Robe              ||     3
Dodge: Dodged            ||    11

Vault maps used:
D:1:      eino_arrival_water_cross, grunt_decor_one_mirror
